 Dungeon Crawl Stone Soup version 0.27.1-33-g824d729ab1 (webtiles) character file.

Game seed: 13303834572274301298

98 Eitelfritz the Covered (level 4, -2/29 HPs)
             Began as a Gargoyle Fighter on Dec 1, 2021.
             Slain by Grinder (8 damage)
             ... on level 3 of the Dungeon.
             The game lasted 00:03:16 (1671 turns).

Eitelfritz the Covered (Gargoyle Fighter)           Turns: 1671, Time: 00:03:17

Health: -2/29      AC: 10    Str: 20    XL:     4   Next: 69%
Magic:  4/4        EV:  7    Int:  9    God:
Gold:   66         SH:  9    Dex:  9    Spells: 3/3 levels left

rFire    . . .     SeeInvis .   a - +0 flail
rCold    . . .     Faith    .   c - +0 kite shield
rNeg     + . .     Spirit   .   b - +0 scale mail
rPois    ∞         Reflect  .   (no helmet)
rElec    +         Harm     .   (no cloak)
rCorr    .         Rampage  .   (no gloves)
Will     .....                  (no boots)
Stlth    ..........             (no amulet)
HPRegen  0.09/turn              (no ring)
MPRegen  0.09/turn              (no ring)

@: no status effects
A: sickness immunity, AC +3, negative energy resistance 1, electricity
resistance, torment resistance 1, petrification resistance
a: no special abilities


You were on level 3 of the Dungeon.
You visited 1 branch of the dungeon, and saw 3 of its levels.

You collected 66 gold pieces.

Inventory:

Hand Weapons
 a - a +0 flail (weapon)
Missiles
 g - 7 boomerangs (quivered)
Armour
 b - a +0 scale mail (worn)
 c - a +0 kite shield (worn)
Jewellery
 n - a ring of magical power
Scrolls
 h - a scroll of summoning {unknown}
 i - a scroll of torment {unknown}
 j - a scroll of teleportation {unknown}
 k - a scroll of noise {unknown}
 l - a scroll of identify {unknown}
 m - a scroll of enchant weapon {unknown}
Potions
 d - a potion of might
 e - 2 potions of curing {unknown}
 f - a potion of lignification {unknown}


   Skills:
 + Level 3.9 Fighting
 + Level 2.9 Maces & Flails
 + Level 4.0 Armour
 + Level 1.0 Dodging
 + Level 3.8 Shields


You had 3 spell levels left.
You didn't know any spells.
Your spell library was empty.

Dungeon Overview and Level Annotations

Branches:
Dungeon (3/15)

Altars:

Annotations:
D:2 Terence
D:3 Grinder


Innate Abilities, Weirdness & Mutations

You are immune to sickness and miasma.
Your stone body is resilient. (AC +3)
You are immune to poison.
You resist negative energy. (rN+)
You are resistant to electric shocks. (rElec)
You are resistant to unholy torment.
You are immune to petrification.


Message History

Grinder gestures at you. Pain shoots through your body!
The bat hits you but does no damage.
You sock Grinder!
Grinder is lightly wounded.
The bat hits you but does no damage. x2; You block Grinder's attack.
Grinder gestures at you. Pain shoots through your body!
You closely miss Grinder.
Grinder is lightly wounded.
You block the bat's attack. The bat hits you. The bat barely misses you.
Grinder hits you but does no damage. The bat hits you but does no damage.
You closely miss Grinder.
Grinder is lightly wounded.
You block the bat's attack. The bat hits you but does no damage.
You block the bat's attack. You block Grinder's attack.
The bat hits you but does no damage. Grinder gestures at you.
You resist with significant effort.
You closely miss Grinder.
Grinder is lightly wounded.
The bat hits you. The bat hits you but does no damage.
Grinder hits you but does no damage. The bat barely misses you.
You barely miss Grinder.
Grinder is lightly wounded.
The bat barely misses you. Grinder hits you.
You writhe in agony.
You block the bat's attack. Grinder hits you but does no damage.
You hit Grinder.
Grinder is moderately wounded.
The bat hits you.
* * * LOW HITPOINT WARNING * * *
You block the bat's attack. The bat hits you but does no damage.
Grinder hits you.
* * * LOW HITPOINT WARNING * * *
You writhe in agony.
* * * LOW HITPOINT WARNING * * *
Unknown command.
You closely miss Grinder.
Grinder is moderately wounded.
The bat barely misses you. Grinder hits you!
You die...

#.#.#########..#.#####
#.#.# #.........
..#.#########..#.#####
#................#
#.......†..†...###
#..###........##
#.######.#### #.
#..5.# # ####@# #.#
#b# #.# #.# #.# #.#
#.#


You could see Grinder and a bat.

Vanquished Creatures
  Natasha (D:3)
  3 gnolls
  2 dart slugs
  3 bats
  3 endoplasms (D:1)
  A giant cockroach (D:1)
  6 hobgoblins
  A kobold (D:1)
  3 quokkas
  2 ball pythons
  5 frilled lizards
  6 goblins
  4 rats
40 creatures vanquished.

Notes
Turn   | Place    | Note
-------+----------+-------------------------------------------
     0 | D:1      | Eitelfritz the Gargoyle Fighter began the quest for the
                  | Orb.
     0 | D:1      | Reached XP level 1. HP: 14/14 MP: 1/1
    92 | D:1      | Reached XP level 2. HP: 2/19 MP: 2/2
   833 | D:1      | Found a faded altar of an unknown god.
   863 | D:1      | Reached XP level 3. HP: 24/24 MP: 3/3
  1170 | D:2      | Noticed Terence
  1302 | D:3      | Reached skill level 4 in Armour
  1302 | D:3      | Reached XP level 4. HP: 14/29 MP: 4/4
  1648 | D:3      | Noticed Natasha
  1648 | D:3      | Noticed Grinder
  1654 | D:3      | Killed Natasha
  1655 | D:3      | Reached skill level 1 in Dodging
  1671 | D:3      | Slain by Grinder

Illustrated notes

Levels and vault maps discovered:
D:1:      minmay_arrival_solitary_statue, layout_rooms,
          dreamdust_ecumenical_altar_angels_and_demons,
          kennysheep_decorative_pillar
D:2:      layout_basic, uniq_terence, uniq_robin
D:3:      layout_loops_ring, uniq_grinder, uniq_natasha

Skill      XL: |  1  2  3  4 |
---------------+-------------+-----
Armour         | 4 |  4.0
Dodging        | 1 |  1.0
Fighting       | |  3.9
Maces & Flails | |  2.9
Shields        | |  3.8

Action                   |  1- 3 |  4- 6 || total
-------------------------+-------+-------++-------
Melee: Flail             |   141 |    43 ||   184
Armor: Scale mail        |   108 |    44 ||   152
Dodge: Dodged            |    74 |    21 ||    95
Block: Kite shield       |   101 |    36 ||   137
